 Dungeon Crawl Stone Soup version 0.22.0-6-g71bd7aa6b3 (webtiles) character file.

22 Jorund the Sneak (level 2, 0/13 HPs)
             Began as a Vine Stalker Enchanter on Aug 15, 2018.
             Slain by a leopard gecko (4 damage)
             ... on level 2 of the Dungeon.
             The game lasted 00:01:56 (1212 turns).

Jorund the Sneak (Vine Stalker Enchanter)           Turns: 1212, Time: 00:01:56

Health: 0/13       AC:  3    Str: 10    XL:     2   Next: 91%
Magic:  0/6        EV: 12    Int: 15    God:
Gold:   86         SH:  0    Dex: 14    Spells: 3/6 levels left

rFire    . . .     SeeInvis .   a - +1 dagger
rCold    . . .     Gourm    .   (no shield)
rNeg     . . .     Faith    .   b - +0 robe
rPois    .         Spirit   +   (no helmet)
rElec    .         Reflect  .   (no cloak)
rCorr    .         Harm     .   h - +0 pair of gloves
MR       .....                  (no boots)
Stlth    +++.......             (no amulet)
HPRegen  0.04/turn              (no ring)
MPRegen  0.10/turn              (no ring)

@: no status effects
A: fangs 2, magic shield, antimagic bite, no potion heal 3, rot immunity
a: no special abilities


You were on level 2 of the Dungeon.
You were not hungry.

You visited 1 branch of the dungeon, and saw 2 of its levels.

You collected 86 gold pieces.

Inventory:

Hand Weapons
 a - a +1 dagger (weapon)
Armour
 b - a +0 robe (worn)
 h - a +0 pair of gloves (worn)
Scrolls
 e - 2 scrolls of remove curse {unknown}
 f - 3 scrolls of teleportation {unknown}
 i - a scroll of identify {unknown}
 j - a scroll of fear {unknown}
 k - a scroll of magic mapping {unknown}
 l - a scroll of amnesia {unknown}
Potions
 c - a potion of haste {unknown}
 g - 3 potions of cancellation {unknown}
 m - a potion of resistance {unknown}
Comestibles
 d - 3 rations


   Skills:
 + Level 1.1 Short Blades
 + Level 1.5 Dodging
 + Level 3.8 Stealth
 + Level 2.5 Spellcasting
 + Level 3.4 Hexes


You had 3 spell levels left.
You knew the following spells:

 Your Spells              Type           Power        Failure   Level  Hunger
a - Corona                Hex            ##.....      4%          1    #......
b - Ensorcelled Hibernat  Hex/Ice        #.....       16%         2    ###....

Your spell library contained the following spells:

 Spells                   Type           Power        Failure   Level  Hunger
 Confuse                  Hex            ##......     16%         3    ###....
 Tukima's Dance           Hex            ##......     16%         3    ###....
 Dazzling Spray           Conj/Hex       #.....       30%         3    ###....


Dungeon Overview and Level Annotations

Branches:
Dungeon (2/15)

Altars:


Innate Abilities, Weirdness & Mutations

You have extremely sharp teeth.
When hurt, damage is shared between your health and your magic reserves.
Your bite disrupts and absorbs the magic of your enemies.
Potions cannot restore your health.
You are immune to rotting.


Message History

You barely miss the leopard gecko.
The leopard gecko is heavily wounded.
The bat barely misses you. The bat hits you but does no damage.
The leopard gecko closely misses you.
You hit the leopard gecko but do no damage.
The leopard gecko is heavily wounded.
The bat closely misses you. The leopard gecko bites you.
You are too injured to fight recklessly!
You are too injured to fight recklessly!
Casting: Corona (safe; 4% risk of failure)
Confirm with . or Enter, or press ? or * to list all spells.
Okay, then.
Casting: Corona (safe; 4% risk of failure)
Confirm with . or Enter, or press ? or * to list all spells.
Aiming: Ensorcelled Hibernation (safe; 16% risk of failure)
Press: ? - help, Shift-Dir - straight line, f - leopard gecko
Aim: a leopard gecko (moderately wounded, clinging, chance to defeat MR: 56%)
The leopard gecko resists with significant effort.
The leopard gecko bites you.
You die...

###########
###..........
............
#?.........
#..b....... #l# #@#
#. #.######## #.
#........#
#.#######.#####.#
#.........<.# #.#
#......##.#.# #.#
#......##.#.# #.#
#####......##.#.###.#
....>.......#.#.....#


You could see a leopard gecko and a bat.

Vanquished Creatures
  A dart slug (D:1)
  4 bats
  2 giant cockroaches (D:1)
  A goblin (D:1)
  A hobgoblin (D:1)
  2 jackals (D:2)
  2 frilled lizards
  3 kobolds
  5 rats (D:1)
21 creatures vanquished.

Notes
Turn   | Place    | Note
-------+----------+-------------------------------------------
     0 | D:1      | Jorund the Vine Stalker Enchanter began the quest for the Orb.
     0 | D:1      | Reached XP level 1. HP: 9/9 MP: 4/4
   299 | D:1      | Reached skill level 1 in Short Blades
   299 | D:1      | Reached XP level 2. HP: 7/13 MP: 3/6
  1133 | D:2      | Learned a level 2 spell: Ensorcelled Hibernation
  1212 | D:2      | Slain by a leopard gecko

Skill      XL: |  1 |
---------------+----+-----
Short Blades   | 1 |  1.1
Dodging        | |  1.5
Stealth        | |  3.8
Spellcasting   | |  2.5
Hexes          | |  3.4

Action                   || total
-------------------------++-------
Melee: Dagger            ||    64
       Bite              ||    13
 Cast: Corona            ||     1
       Ensorcelled Hiber ||     1
 Stab: Sleeping          ||     5
  Eat: Chunk             ||     1
Armor: Robe              ||    14
Dodge: Dodged            ||    43
